[Event "9th Amsterdam Science Park A 2019"]
[Site "Amsterdam"]
[Date "2019.07.07"]
[Round "2.9"]
[White "De Groote, Ewoud"]
[Black "Pronk, Sven"]
[Result "1-0"]
[ECO "D02"]
[WhiteElo "2225"]
[BlackElo "2050"]
[Annotator "NA"]
[PlyCount "79"]
[EventDate "2019.07.06"]
[EventType "swiss"]
[EventCountry "NED"]
[SourceTitle "playchess.com"]
[Source "ChessBase"]
[SourceQuality "1"]
[TimeControl "40/5400+30:1800+30"]

1. d4 d5 2. Nf3 Nf6 3. c4 c6 4. Qc2 e6 5. Bg5 Nbd7 6. e3 Bb4+ 7. Nbd2 Qa5 8. cxd5 exd5 9. Bd3 O-O 10. O-O a6 11. a3 Bd6 12. Rfe1 Re8 13. e4 dxe4 14. Nxe4 Nxe4 15. Bxe4 g6 16. Bxc6 Rxe1+ 17. Rxe1 Nf8 18. Be4 Bg4 19. Qd2 Qb6 20. Ne5 Bxe5 21. dxe5 Re8 22. Be3 Qc7 23. f4 g5 24. f5 Qxe5 25. Bd4 Qf4 26. Qxf4 gxf4 27. Kf2 Rd8 28. Bc3 b6 29. h3 Bd1 30. g3 fxg3+ 31. Kxg3 Ba4 32. Bf3 Nd7 33. Re4 Bc2 34. Rg4+ Kf8 35. Kf4 Nc5 36. Rg2 Bd3 37. Rg7 h6 38. Rh7 Bc4 39. Bf6 Nd3+ 40. Kg3 1-0

[Event "9th Amsterdam Science Park A 2019"]
[Site "Amsterdam"]
[Date "2019.07.07"]
[Round "2.10"]
[White "Ballon, Guenther"]
[Black "Baarslag, Ed"]
[Result "1/2-1/2"]
[ECO "A57"]
[WhiteElo "2089"]
[BlackElo "2220"]
[Annotator "NA"]
[PlyCount "86"]
[EventDate "2019.07.06"]
[EventType "swiss"]
[EventCountry "NED"]
[SourceTitle "playchess.com"]
[Source "ChessBase"]
[SourceQuality "1"]
[TimeControl "40/5400+30:1800+30"]

1. d4 Nf6 2. c4 c5 3. d5 b5 4. cxb5 a6 5. e3 g6 6. Nc3 Bg7 7. Nf3 O-O 8. a4 Bb7 9. Be2 axb5 10. Bxb5 d6 11. O-O Nbd7 12. h3 Nb6 13. e4 Ba6 14. Bg5 Ne8 15. Qe2 Nc7 16. Rfc1 h6 17. Bf4 Kh7 18. Nd2 Bxb5 19. axb5 Qd7 20. Nc4 Nxc4 21. Qxc4 Bxc3 22. bxc3 Qxb5 23. Qxb5 Nxb5 24. Rab1 Na3 25. Rb7 Rfe8 26. Ra1 Kg7 27. e5 g5 28. Bg3 Nc4 29. Rxa8 Rxa8 30. exd6 exd6 31. Rd7 Ra6 32. Kf1 Kf6 33. Ke2 Ne5 34. Bxe5+ Kxe5 35. Rxf7 Kxd5 36. Kd3 c4+ 37. Ke2 Ra2+ 38. Ke1 Ke4 39. Rf3 Ra1+ 40. Ke2 Ra2+ 41. Ke1 Ra1+ 42. Ke2 Ra2+ 43. Ke1 Kd5 1/2-1/2

[Event "9th Amsterdam Science Park A 2019"]
[Site "Amsterdam"]
[Date "2019.07.07"]
[Round "2.11"]
[White "Cornelisse, Ticho"]
[Black "De Ruiter, Danny"]
[Result "1/2-1/2"]
[ECO "A45"]
[WhiteElo "2067"]
[BlackElo "2310"]
[Annotator "NA"]
[PlyCount "98"]
[EventDate "2019.07.06"]
[EventType "swiss"]
[EventCountry "NED"]
[SourceTitle "playchess.com"]
[Source "ChessBase"]
[SourceQuality "1"]
[TimeControl "40/5400+30:1800+30"]

1. d4 Nf6 2. g3 d5 3. c4 c6 4. Nc3 e6 5. Bg2 Be7 6. Nf3 O-O 7. O-O Nbd7 8. Nd2 dxc4 9. Nxc4 Nd5 10. e4 N5b6 11. Ne3 c5 12. d5 Ne5 13. Qe2 exd5 14. Nexd5 Bd6 15. Ne3 Nc6 16. Nb5 Be5 17. Rd1 Bd7 18. f4 Nd4 19. Nxd4 Bxd4 20. Kh1 Qe8 21. Rb1 Bb5 22. Qc2 g6 23. Ng4 f5 24. Ne5 Bxe5 25. fxe5 fxe4 26. Bxe4 Qxe5 27. Bf4 Qxe4+ 28. Qxe4 Bc6 29. Qxc6 bxc6 30. Rd6 Rac8 31. Rc1 c4 32. Kg1 Rf5 33. Re1 Rd5 34. Rde6 Rd7 35. R1e4 Kf7 36. Bg5 Nd5 37. R6e5 Rb8 38. Re2 Rdb7 39. Rf2+ Kg7 40. Ree2 h6 41. Bc1 Rd8 42. a3 Rdd7 43. Rc2 Nb6 44. Be3 Rd1+ 45. Rf1 Rbd7 46. Bxb6 axb6 47. Rxc4 c5 48. Rc2 Rxf1+ 49. Kxf1 Kf6 1/2-1/2

[Event "9th Amsterdam Science Park A 2019"]
[Site "Amsterdam"]
[Date "2019.07.07"]
[Round "2.12"]
[White "Bosboom, Manuel"]
[Black "Pavlov, Mark"]
[Result "1-0"]
[ECO "A05"]
[WhiteElo "2418"]
[BlackElo "2016"]
[Annotator "NA"]
[PlyCount "91"]
[EventDate "2019.07.06"]
[EventType "swiss"]
[EventCountry "NED"]
[SourceTitle "playchess.com"]
[Source "ChessBase"]
[SourceQuality "1"]
[TimeControl "40/5400+30:1800+30"]

1. Nf3 Nf6 2. g3 d5 3. Bg2 c6 4. d3 Bg4 5. Nbd2 Nbd7 6. e4 dxe4 7. dxe4 e5 8. h3 Bh5 9. O-O Be7 10. Qe1 O-O 11. Nc4 Bxf3 12. Bxf3 Qc7 13. a4 Nc5 14. Bd2 Ne6 15. Ba5 b6 16. Bc3 Nd7 17. h4 Bc5 18. Kg2 Bd4 19. Bb4 Bc5 20. Bd2 Nd4 21. Bd1 a5 22. c3 Ne6 23. Bb3 Nf6 24. Qe2 b5 25. Na3 b4 26. Nc2 bxc3 27. bxc3 Rab8 28. Rab1 Ba7 29. Bg5 Qe7 30. Bxf6 Qxf6 31. Na3 g5 32. Bxe6 fxe6 33. Rxb8 Rxb8 34. hxg5 Qxg5 35. Nc4 Rd8 36. Nxa5 Rd2 37. Qf3 h5 38. Nxc6 Bc5 39. Na5 Ra2 40. Nb3 Be3 41. Kh2 h4 42. Kh3 hxg3 43. Qxe3 Qh5+ 44. Kxg3 Re2 45. Qf3 Qg5+ 46. Qg4 1-0

[Event "9th Amsterdam Science Park A 2019"]
[Site "Amsterdam"]
[Date "2019.07.08"]
[Round "3.1"]
[White "Meshkovs, Nikita"]
[Black "Zwirs, Nico"]
[Result "1/2-1/2"]
[ECO "A05"]
[WhiteElo "2550"]
[BlackElo "2380"]
[Annotator "ChessBase"]
[PlyCount "95"]
[EventDate "2019.07.06"]
[EventType "swiss"]
[EventCountry "NED"]
[SourceTitle "playchess.com"]
[Source "ChessBase"]
[SourceQuality "1"]
[TimeControl "40/5400+30:1800+30"]

1. Nf3 Nf6 2. c4 g6 3. Nc3 Bg7 4. e4 d6 5. d4 O-O 6. h3 e5 7. d5 a5 8. g4 Na6 9. Be3 Nd7 10. a3 Nb6 11. Rg1 Bd7 12. b3 Nc5 13. Nd2 Kh8 14. Be2 c6 15. b4 Nca4 16. Nxa4 Nxa4 17. Rc1 axb4 18. axb4 f5 19. gxf5 gxf5 20. exf5 Bxf5 21. Qb3 Qd7 22. Bg4 Qf7 23. Ke2 Bg6 24. Be6 Qe8 25. f3 Bf7 26. Bxf7 Qxf7 27. Rg3 e4 28. Nxe4 Be5 29. Rcg1 b5 30. Nxd6 Qd7 31. Ne4 bxc4 32. Qxc4 Qxd5 33. Qxd5 cxd5 34. Rg5 Nc3+ 35. Nxc3 Bxc3 36. Rxd5 Ra2+ 37. Kd3 Ra3 38. Kc4 Bg7 39. Bc5 Rc3+ 40. Kb5 Rb8+ 41. Kc6 Rxf3 42. Rd7 Be5 43. Rg5 Rc8+ 44. Kd5 Rd3+ 45. Ke6 Rc6+ 46. Kxe5 Rxd7 47. h4 h6 48. Ke4 1/2-1/2

[Event "9th Amsterdam Science Park A 2019"]
[Site "Amsterdam"]
[Date "2019.07.08"]
[Round "3.2"]
[White "Ulybin, Mikhail"]
[Black "Gleizerov, Evgeny"]
[Result "1/2-1/2"]
[ECO "B52"]
[WhiteElo "2469"]
[BlackElo "2498"]
[Annotator "ChessBase"]
[PlyCount "29"]
[EventDate "2019.07.06"]
[EventType "swiss"]
[EventCountry "NED"]
[SourceTitle "playchess.com"]
[Source "ChessBase"]
[SourceQuality "1"]
[TimeControl "40/5400+30:1800+30"]

1. e4 c5 2. Nf3 d6 3. Bb5+ Bd7 4. Bxd7+ Qxd7 5. O-O Nc6 6. c3 Nf6 7. Re1 e6 8. d4 cxd4 9. cxd4 d5 10. e5 Ne4 11. Nbd2 Nxd2 12. Bxd2 Be7 13. Rc1 O-O 14. a3 Rac8 15. Rc3 1/2-1/2

[Event "9th Amsterdam Science Park A 2019"]
[Site "Amsterdam"]
[Date "2019.07.08"]
[Round "3.3"]
[White "Van der Lende, Ilias"]
[Black "Arnaudov, G. Petar"]
[Result "1/2-1/2"]
[ECO "C45"]
[WhiteElo "2350"]
[BlackElo "2478"]
[Annotator "ChessBase"]
[PlyCount "75"]
[EventDate "2019.07.06"]
[EventType "swiss"]
[EventCountry "NED"]
[SourceTitle "playchess.com"]
[Source "ChessBase"]
[SourceQuality "1"]
[TimeControl "40/5400+30:1800+30"]

1. e4 e5 2. Nf3 Nc6 3. d4 exd4 4. Nxd4 Bc5 5. Nxc6 bxc6 6. Bc4 Qh4 7. Qe2 Nf6 8. Nc3 O-O 9. h3 Bb4 10. Bd3 d5 11. g3 Qh5 12. Qxh5 Nxh5 13. Bd2 Nf6 14. e5 Nd7 15. f4 Nc5 16. Ne2 Bxd2+ 17. Kxd2 Rb8 18. Rab1 f6 19. exf6 Rxf6 20. b4 Nxd3 21. cxd3 h5 22. Nd4 Bd7 23. Nf3 a5 24. bxa5 Ra8 25. Rhe1 Rxa5 26. Re7 Rxa2+ 27. Ke3 Bxh3 28. Ng5 Bg4 29. Rxc7 d4+ 30. Kxd4 Rd6+ 31. Kc5 Rd5+ 32. Kxc6 Rd8 33. Rbb7 Rc2+ 34. Kb6 Rb2+ 35. Ka5 Ra8+ 36. Ra7 Rab8 37. Rxg7+ Kh8 38. Rh7+ 1/2-1/2

[Event "9th Amsterdam Science Park A 2019"]
[Site "Amsterdam"]
[Date "2019.07.08"]
[Round "3.4"]
[White "Ten Hertog, Hugo"]
[Black "De Groote, Ewoud"]
[Result "1-0"]
[ECO "C24"]
[WhiteElo "2484"]
[BlackElo "2225"]
[Annotator "ChessBase"]
[PlyCount "43"]
[EventDate "2019.07.06"]
[EventType "swiss"]
[EventCountry "NED"]
[SourceTitle "playchess.com"]
[Source "ChessBase"]
[SourceQuality "1"]
[TimeControl "40/5400+30:1800+30"]

1. e4 e5 2. Bc4 Nf6 3. d3 Nc6 4. a3 Be7 5. Nc3 d6 6. Nge2 Be6 7. Nd5 O-O 8. O-O Qd7 9. f4 Kh8 10. Ba2 Rae8 11. c3 Bd8 12. Ng3 exf4 13. Rxf4 Bxd5 14. exd5 Ne5 15. d4 Ng6 16. Rf1 c6 17. Qa4 Ne4 18. dxc6 Qg4 19. cxb7 Nxg3 20. hxg3 Qxg3 21. Qxe8 Rxe8 22. b8=Q 1-0

[Event "9th Amsterdam Science Park A 2019"]
[Site "Amsterdam"]
[Date "2019.07.08"]
[Round "3.5"]
[White "Van Baar, Esper"]
[Black "Bosboom, Manuel"]
[Result "1-0"]
[ECO "C41"]
[WhiteElo "2108"]
[BlackElo "2418"]
[Annotator "NA"]
[PlyCount "123"]
[EventDate "2019.07.06"]
[EventType "swiss"]
[EventCountry "NED"]
[SourceTitle "playchess.com"]
[Source "ChessBase"]
[SourceQuality "1"]
[TimeControl "40/5400+30:1800+30"]

1. e4 e5 2. Nf3 d6 3. d4 Qe7 4. Nc3 c6 5. a4 a5 6. dxe5 dxe5 7. Bc4 h6 8. b3 Qf6 9. h3 Bb4 10. Bd2 Ne7 11. Na2 Bxd2+ 12. Qxd2 O-O 13. Rd1 b5 14. axb5 cxb5 15. Bxb5 Ng6 16. Qd6 Qf4 17. Nc3 Na6 18. Bc6 Nb4 19. Ne2 Qxf3 20. gxf3 Ra6 21. c4 Rxc6 22. Qd2 Nh4 23. Qc3 f5 24. Ng1 Rcf6 25. Rh2 Rg6 26. Ke2 Nc6 27. Qe3 Nd4+ 28. Rxd4 exd4 29. Qf4 Ng2 30. Qe5 fxe4 31. fxe4 d3+ 32. Kxd3 Ne1+ 33. Ke2 Rxg1 34. f4 Nc2 35. Qd5+ Kh7 36. Qc5 Re1+ 37. Kd2 Rd8+ 38. Kxc2 Rxe4 39. Rd2 Rde8 40. Qxa5 Rxf4 41. Rd8 Rxd8 42. Qxd8 Bxh3 43. c5 Bf5+ 44. Kb2 Rf2+ 45. Ka3 Rc2 46. b4 Rc3+ 47. Ka4 h5 48. Kb5 Rd3 49. Qg5 Bg4 50. Kb6 Rf3 51. c6 Rf5 52. Qe7 Rf6 53. b5 Bf3 54. Ka7 Rf4 55. c7 Ra4+ 56. Kb6 Bg4 57. Qd8 Kh6 58. c8=Q Bxc8 59. Qxc8 h4 60. Qc2 Rf4 61. Ka7 Rf7+ 62. Ka6 1-0

[Event "9th Amsterdam Science Park A 2019"]
[Site "Amsterdam"]
[Date "2019.07.08"]
[Round "3.6"]
[White "Elgersma, Simon"]
[Black "Belous, Mikhail"]
[Result "0-1"]
[ECO "B90"]
[WhiteElo "2130"]
[BlackElo "2289"]
[Annotator "NA"]
[PlyCount "54"]
[EventDate "2019.07.06"]
[EventType "swiss"]
[EventCountry "NED"]
[SourceTitle "playchess.com"]
[Source "ChessBase"]
[SourceQuality "1"]
[TimeControl "40/5400+30:1800+30"]

1. e4 c5 2. Nf3 d6 3. d4 cxd4 4. Nxd4 Nf6 5. Nc3 a6 6. Qd3 Nbd7 7. Be2 e6 8. O-O b5 9. b4 Bb7 10. a4 bxa4 11. Rxa4 Qc7 12. Bd2 Be7 13. Rfa1 O-O 14. Qh3 Nb6 15. Ra5 Qc8 16. Rg5 Nxe4 17. Bd3 Nxg5 18. Bxg5 f5 19. Bd2 Nc4 20. Nb1 Ne5 21. Be2 Bf6 22. Bc3 Nc6 23. Nf3 Bxc3 24. Nxc3 Nxb4 25. Ng5 h6 26. Rb1 a5 27. Bh5 Rf6 0-1

[Event "9th Amsterdam Science Park A 2019"]
[Site "Amsterdam"]
[Date "2019.07.08"]
[Round "3.7"]
[White "Elgersma, Onno"]
[Black "Ballon, Guenther"]
[Result "1-0"]
[ECO "B41"]
[WhiteElo "2232"]
[BlackElo "2089"]
[Annotator "NA"]
[PlyCount "39"]
[EventDate "2019.07.06"]
[EventType "swiss"]
[EventCountry "NED"]
[SourceTitle "playchess.com"]
[Source "ChessBase"]
[SourceQuality "1"]
[TimeControl "40/5400+30:1800+30"]

1. e4 c5 2. Nf3 e6 3. d4 cxd4 4. Nxd4 a6 5. Qd3 Nc6 6. Nxc6 dxc6 7. Qg3 c5 8. a4 Bd7 9. Nc3 Ne7 10. Bg5 h6 11. Bxe7 Qxe7 12. Rd1 Bc6 13. h4 h5 14. Bc4 Rc8 15. O-O g6 16. Nd5 exd5 17. exd5 Qc7 18. Rfe1+ Kd7 19. Qh3+ Kd6 20. Qe6+ 1-0

[Event "9th Amsterdam Science Park A 2019"]
[Site "Amsterdam"]
[Date "2019.07.08"]
[Round "3.8"]
[White "Baarslag, Ed"]
[Black "Cornelisse, Ticho"]
[Result "1-0"]
[ECO "C00"]
[WhiteElo "2220"]
[BlackElo "2067"]
[Annotator "NA"]
[PlyCount "123"]
[EventDate "2019.07.06"]
[EventType "swiss"]
[EventCountry "NED"]
[SourceTitle "playchess.com"]
[Source "ChessBase"]
[SourceQuality "1"]
[TimeControl "40/5400+30:1800+30"]

1. e4 e6 2. d3 d5 3. Nd2 Nf6 4. Ngf3 b6 5. e5 Nfd7 6. g3 c5 7. c3 Ba6 8. Be2 Nc6 9. O-O Be7 10. d4 Bxe2 11. Qxe2 O-O 12. Re1 Qc7 13. Nf1 Rae8 14. Bf4 Qb7 15. Rad1 b5 16. Ne3 a5 17. Bg5 b4 18. Ng4 a4 19. a3 bxa3 20. bxa3 Rb8 21. Qe3 Qb3 22. Bf6 Nxf6 23. exf6 Bxf6 24. Nxf6+ gxf6 25. Qh6 Qc2 26. Qxf6 Qg6 27. Qf4 Rb3 28. Qd6 Qf6 29. Nd2 Rb6 30. Qxc5 Rfb8 31. Re3 Qe7 32. c4 Qxc5 33. dxc5 d4 34. cxb6 dxe3 35. fxe3 Rxb6 36. Rb1 Ra6 37. Ne4 Ne5 38. Rb8+ Kg7 39. c5 Rc6 40. Rb6 Kf8 41. Rxc6 Nxc6 42. Nc3 Ne5 43. Nxa4 Nc4 44. Kf2 Nxa3 45. Kf3 Nb5 46. h4 Ke7 47. Kf4 f6 48. Kg4 Kf7 49. Kh5 Kg7 50. c6 Nc7 51. e4 h6 52. Nc5 Kh7 53. Kg4 Kg6 54. Kf4 Kf7 55. Kg4 Kg6 56. Nb7 Kf7 57. Kh5 Kg7 58. Nd8 f5 59. Nxe6+ Nxe6 60. exf5 Nc7 61. g4 Nd5 62. g5 1-0

[Event "9th Amsterdam Science Park A 2019"]
[Site "Amsterdam"]
[Date "2019.07.08"]
[Round "3.9"]
[White "Mienis, Dennis"]
[Black "Dimitrijeski, Kristian"]
[Result "1/2-1/2"]
[ECO "B14"]
[WhiteElo "1993"]
[BlackElo "2186"]
[Annotator "NA"]
[PlyCount "97"]
[EventDate "2019.07.06"]
[EventType "swiss"]
[EventCountry "NED"]
[SourceTitle "playchess.com"]
[Source "ChessBase"]
[SourceQuality "1"]
[TimeControl "40/5400+30:1800+30"]

1. c4 c6 2. e4 d5 3. exd5 cxd5 4. d4 Nf6 5. Nc3 g6 6. Nf3 Bg7 7. Be2 dxc4 8. Bxc4 O-O 9. O-O Bg4 10. d5 Nbd7 11. h3 Bxf3 12. Qxf3 Ne5 13. Qe2 Nxc4 14. Qxc4 Ne8 15. Qb3 Nd6 16. Re1 Re8 17. Bf4 b6 18. Rad1 Rc8 19. Ne4 Nxe4 20. Rxe4 Qd7 21. Rde1 Rc5 22. Be5 Rxd5 23. Bxg7 Kxg7 24. Rxe7 Rxe7 25. Rxe7 Qxe7 26. Qxd5 Qe1+ 27. Kh2 Qxf2 28. Qe5+ Qf6 29. Qe2 h5 30. b3 a5 31. a4 Qf4+ 32. Kh1 Qd4 33. Qb5 Kh6 34. Qf1 f5 35. Qc1+ f4 36. Qf1 Qe3 37. Qd1 Qe4 38. Kh2 Qe5 39. Kh1 Qc3 40. Qd5 Qe1+ 41. Kh2 Qg3+ 42. Kh1 f3 43. gxf3 Qxh3+ 44. Kg1 Qf5 45. Qxf5 gxf5 46. f4 Kg6 47. Kg2 h4 48. Kh2 Kh6 49. Kg2 1/2-1/2

[Event "9th Amsterdam Science Park A 2019"]
[Site "Amsterdam"]
[Date "2019.07.08"]
[Round "3.10"]
[White "De Rover, Yong Hoon"]
[Black "Kohler, Aran"]
[Result "1-0"]
[ECO "B90"]
[WhiteElo "2391"]
[BlackElo "2176"]
[Annotator "NA"]
[PlyCount "122"]
[EventDate "2019.07.06"]
[EventType "swiss"]
[EventCountry "NED"]
[SourceTitle "playchess.com"]
[Source "ChessBase"]
[SourceQuality "1"]
[TimeControl "40/5400+30:1800+30"]

1. e4 c5 2. Nf3 d6 3. d4 cxd4 4. Nxd4 Nf6 5. Nc3 a6 6. f3 e5 7. Nb3 Be6 8. Be3 Nbd7 9. g4 Rc8 10. Qd2 Be7 11. O-O-O O-O 12. Kb1 Nb6 13. h4 Qc7 14. h5 d5 15. Bxb6 Qxb6 16. g5 Rxc3 17. Qxc3 Bb4 18. Qxe5 Nd7 19. Qd4 dxe4 20. Qxb6 Nxb6 21. fxe4 Bg4 22. Rd4 Be7 23. a4 Bf3 24. Rh3 Bg4 25. Rh2 Be6 26. Rg2 Bh3 27. Rg1 Be6 28. a5 Bxb3 29. Rg3 Be6 30. axb6 Bc5 31. Rd1 Bxb6 32. Bh3 Bc7 33. Rgd3 Bc4 34. Rd7 Bf4 35. g6 fxg6 36. hxg6 hxg6 37. b3 Be2 38. Re1 Bf3 39. Rf1 Be2 40. Rf2 Bb5 41. Rxb7 g5 42. Be6+ Kh7 43. Bf5+ Kg8 44. c4 Bc6 45. Rb6 Rf6 46. Ka2 Be3 47. Rb8+ Kf7 48. Re2 Ba7 49. Rc8 Bc5 50. Rc7+ Be7 51. Bg4 Be8 52. e5 Rf4 53. Bh5+ g6 54. Bxg6+ Kxg6 55. Rxe7 Rf8 56. Re6+ Kh5 57. Rh2+ Kg4 58. Rf6 Rg8 59. e6 Kg3 60. Rh7 Bc6 61. e7 Re8 1-0

[Event "9th Amsterdam Science Park A 2019"]
[Site "Amsterdam"]
[Date "2019.07.08"]
[Round "3.11"]
[White "De Ruiter, Danny"]
[Black "Vroombout, Enrico"]
[Result "1-0"]
[ECO "E97"]
[WhiteElo "2310"]
[BlackElo "2141"]
[Annotator "NA"]
[PlyCount "95"]
[EventDate "2019.07.06"]
[EventType "swiss"]
[EventCountry "NED"]
[SourceTitle "playchess.com"]
[Source "ChessBase"]
[SourceQuality "1"]
[TimeControl "40/5400+30:1800+30"]

1. d4 Nf6 2. Nf3 g6 3. c4 Bg7 4. Nc3 O-O 5. e4 d6 6. Be2 e5 7. O-O Nc6 8. d5 Ne7 9. b4 Nh5 10. Re1 f5 11. Ng5 Nf6 12. f3 Kh8 13. Rb1 h6 14. Ne6 Bxe6 15. dxe6 fxe4 16. fxe4 Nc6 17. Qd3 Nd4 18. Qh3 Kh7 19. Nd5 Qc8 20. e7 Rf7 21. Nxf6+ Rxf6 22. Bg4 Qe8 23. Bg5 Qxe7 24. Bxf6 Bxf6 25. Rf1 Bh4 26. Kh1 Kg7 27. Bc8 Rb8 28. Rb2 Qd8 29. Be6 Nxe6 30. Qxe6 Qe8 31. Qxe8 Rxe8 32. Rb3 Bf6 33. Rbf3 Rf8 34. h4 Rf7 35. g4 Rf8 36. Kg2 a6 37. Kg3 Be7 38. Rxf8 Bxf8 39. b5 axb5 40. cxb5 Be7 41. b6 c6 42. a4 d5 43. exd5 cxd5 44. Rd1 d4 45. Kf3 Bxh4 46. Ke4 Bd8 47. a5 Kf6 48. a6 1-0

[Event "9th Amsterdam Science Park A 2019"]
[Site "Amsterdam"]
[Date "2019.07.08"]
[Round "3.12"]
[White "Van der Velde, Henk"]
[Black "Wunnink, Michael"]
[Result "0-1"]
[ECO "A14"]
[WhiteElo "2135"]
[BlackElo "2214"]
[Annotator "NA"]
[PlyCount "88"]
[EventDate "2019.07.06"]
[EventType "swiss"]
[EventCountry "NED"]
[SourceTitle "playchess.com"]
[Source "ChessBase"]
[SourceQuality "1"]
[TimeControl "40/5400+30:1800+30"]

1. c4 e6 2. g3 Nf6 3. Bg2 d5 4. Nf3 Be7 5. O-O O-O 6. b3 b6 7. Bb2 c5 8. e3 Ba6 9. Qe2 Nc6 10. Nc3 Rc8 11. d3 Qd7 12. Rad1 Rfd8 13. Nb5 Qe8 14. e4 d4 15. e5 Nd7 16. Rfe1 Bb7 17. Bc1 a6 18. Na3 h6 19. h4 Bf8 20. Bf4 Ne7 21. h5 b5 22. Nb1 bxc4 23. bxc4 Nb6 24. g4 Rb8 25. Nfd2 Bxg2 26. Kxg2 Na4 27. Ne4 Qc6 28. Kh3 Rb2 29. Qf3 Kh8 30. Rg1 Nc3 31. Nbxc3 dxc3 32. g5 c2 33. Rc1 Qd7 34. Nd6 Nf5 35. Nxf5 exf5 36. gxh6 Qxd3 37. Be3 Qxc4 38. hxg7+ Bxg7 39. Rxg7 Kxg7 40. Rg1+ Kh8 41. Qc6 Qe6 42. Qg2 f4+ 43. Kh4 Qe7+ 44. Kh3 Qxe5 0-1

[Event "9th Amsterdam Science Park A 2019"]
[Site "Amsterdam"]
[Date "2019.07.09"]
[Round "4.1"]
[White "Belous, Mikhail"]
[Black "Meshkovs, Nikita"]
[Result "1/2-1/2"]
[ECO "A64"]
[WhiteElo "2289"]
[BlackElo "2550"]
[Annotator "ChessBase"]
[PlyCount "105"]
[EventDate "2019.07.06"]
[EventType "swiss"]
[EventCountry "NED"]
[SourceTitle "playchess.com"]
[Source "ChessBase"]
[SourceQuality "1"]
[TimeControl "40/5400+30:1800+30"]

1. d4 Nf6 2. c4 c5 3. d5 e6 4. Nc3 exd5 5. cxd5 g6 6. Nf3 d6 7. g3 Bg7 8. Bg2 O-O 9. O-O Re8 10. Nd2 a6 11. a4 Nbd7 12. h3 Rb8 13. Nc4 Ne5 14. Na3 Nh5 15. e4 Bd7 16. a5 Qxa5 17. g4 Nf6 18. g5 Nh5 19. f4 Nc4 20. Nxc4 Qxa1 21. Nxd6 Bxc3 22. bxc3 Qxc3 23. Nxe8 Rxe8 24. Qd2 Qc4 25. Qf2 b5 26. Be3 Qd3 27. Ra1 b4 28. Qd2 Bb5 29. Kf2 b3 30. Ra3 Qxd2+ 31. Bxd2 c4 32. Ra1 Rc8 33. Bc3 Nxf4 34. Bf1 Nd3+ 35. Ke3 Nc5 36. Kd4 Na4 37. e5 Re8 38. Re1 b2 39. Rb1 Nxc3 40. Kxc3 Rxe5 41. Bxc4 Bxc4 42. Kxc4 Re2 43. Kd3 Rg2 44. d6 Kf8 45. Re1 Rxg5 46. Kd4 Rb5 47. d7 Rb8 48. Kd5 a5 49. Rb1 Ke7 50. Kc6 Rd8 51. Re1+ Kf6 52. Rb1 Ke7 53. Re1+ 1/2-1/2

[Event "9th Amsterdam Science Park A 2019"]
[Site "Amsterdam"]
[Date "2019.07.09"]
[Round "4.2"]
[White "Gleizerov, Evgeny"]
[Black "Van der Lende, Ilias"]
[Result "1/2-1/2"]
[ECO "A50"]
[WhiteElo "2498"]
[BlackElo "2350"]
[Annotator "ChessBase"]
[PlyCount "72"]
[EventDate "2019.07.06"]
[EventType "swiss"]
[EventCountry "NED"]
[SourceTitle "playchess.com"]
[Source "ChessBase"]
[SourceQuality "1"]
[TimeControl "40/5400+30:1800+30"]

1. d4 Nf6 2. c4 b6 3. Nc3 Bb7 4. d5 e6 5. a3 Bd6 6. Nf3 exd5 7. cxd5 O-O 8. Bg5 h6 9. Bh4 Re8 10. e3 c6 11. Bc4 Na6 12. Nd4 b5 13. Be2 Nc7 14. dxc6 dxc6 15. Bf3 Ncd5 16. Bxd5 cxd5 17. Ncxb5 Be5 18. O-O Qb6 19. Bxf6 Bxf6 20. Nc3 Rab8 21. Na4 Qd6 22. Rc1 Bc8 23. Qd2 Bd7 24. Nc5 Bb5 25. Nxb5 Rxb5 26. b4 a5 27. Rc2 axb4 28. axb4 Reb8 29. Nd3 Be7 30. Rfc1 d4 31. Rc8+ Rxc8 32. Rxc8+ Kh7 33. Qc2 dxe3 34. fxe3 Qg6 35. Rc6 Qe4 36. Ne1 Qg6 1/2-1/2

[Event "9th Amsterdam Science Park A 2019"]
[Site "Amsterdam"]
[Date "2019.07.09"]
[Round "4.3"]
[White "Zwirs, Nico"]
[Black "Ten Hertog, Hugo"]
[Result "1/2-1/2"]
[ECO "B80"]
[WhiteElo "2380"]
[BlackElo "2484"]
[Annotator "ChessBase"]
[PlyCount "51"]
[EventDate "2019.07.06"]
[EventType "swiss"]
[EventCountry "NED"]
[SourceTitle "playchess.com"]
[Source "ChessBase"]
[SourceQuality "1"]
[TimeControl "40/5400+30:1800+30"]

1. e4 c5 2. Nf3 e6 3. d4 cxd4 4. Nxd4 Nf6 5. Nc3 d6 6. Be3 Nc6 7. f3 d5 8. exd5 Nxd5 9. Nxd5 exd5 10. Bb5 Bd7 11. Qd2 Bb4 12. c3 Be7 13. Nb3 a6 14. Be2 Be6 15. Nc5 Qc8 16. O-O O-O 17. f4 Rd8 18. Nxe6 Qxe6 19. Bb6 Rd7 20. Bf3 d4 21. f5 Qc4 22. Bxd4 Nxd4 23. cxd4 Bc5 24. Kh1 Qxd4 25. Qxd4 Bxd4 26. Rad1 1/2-1/2

[Event "9th Amsterdam Science Park A 2019"]
[Site "Amsterdam"]
[Date "2019.07.09"]
[Round "4.4"]
[White "Arnaudov, G. Petar"]
[Black "Elgersma, Onno"]
[Result "1-0"]
[ECO "A06"]
[WhiteElo "2478"]
[BlackElo "2232"]
[Annotator "ChessBase"]
[PlyCount "85"]
[EventDate "2019.07.06"]
[EventType "swiss"]
[EventCountry "NED"]
[SourceTitle "playchess.com"]
[Source "ChessBase"]
[SourceQuality "1"]
[TimeControl "40/5400+30:1800+30"]

1. Nf3 Nf6 2. c4 e6 3. e3 d5 4. b3 c5 5. Bb2 Nc6 6. cxd5 exd5 7. Bb5 Bd6 8. O-O O-O 9. d4 cxd4 10. Nxd4 a6 11. Be2 Re8 12. Nd2 Bd7 13. a3 Ne5 14. N4f3 Ng6 15. Ra2 Bf8 16. b4 Ne4 17. Ra1 Rc8 18. Rc1 Rxc1 19. Qxc1 Ba4 20. Bd3 Qd7 21. Qb1 Qe7 22. Bd4 Bc6 23. Rc1 Qd7 24. Nb3 Bd6 25. Qb2 f6 26. Qc2 Ba4 27. Qa2 Kh8 28. Nbd2 Bb8 29. Qb1 Bc6 30. a4 Qd6 31. g3 Qe6 32. b5 axb5 33. axb5 Bd7 34. b6 h5 35. Bf1 h4 36. Bg2 Bc6 37. Nb3 Bd7 38. Nc5 Nxc5 39. Qxg6 Nb3 40. Rb1 Nxd4 41. Qh5+ Kg8 42. Nxd4 Qe5 43. Bxd5+ 1-0

[Event "9th Amsterdam Science Park A 2019"]
[Site "Amsterdam"]
[Date "2019.07.09"]
[Round "4.5"]
[White "Van Baar, Esper"]
[Black "Ulybin, Mikhail"]
[Result "0-1"]
[ECO "C06"]
[WhiteElo "2108"]
[BlackElo "2469"]
[Annotator "ChessBase"]
[PlyCount "156"]
[EventDate "2019.07.06"]
[EventType "swiss"]
[EventCountry "NED"]
[SourceTitle "playchess.com"]
[Source "ChessBase"]
[SourceQuality "1"]
[TimeControl "40/5400+30:1800+30"]

1. e4 e6 2. d4 d5 3. Nd2 Nf6 4. e5 Nfd7 5. Bd3 c5 6. c3 Nc6 7. Ne2 cxd4 8. cxd4 f6 9. exf6 Nxf6 10. O-O Bd6 11. Nf3 O-O 12. Bf4 Bxf4 13. Nxf4 Ng4 14. Qd2 Qf6 15. Nh5 Qh6 16. Qxh6 Nxh6 17. Ng3 a6 18. Rad1 Nf7 19. Rfe1 Bd7 20. Ne2 Rac8 21. Nc3 Na5 22. Rc1 Rc6 23. Ne2 Rfc8 24. Rxc6 Nxc6 25. Rc1 g6 26. h4 Kg7 27. Rc3 Kf6 28. Nf4 Nd6 29. g4 Ke7 30. Kg2 Nf7 31. Kg3 Kd6 32. g5 e5 33. dxe5+ Ncxe5 34. Rxc8 Bxc8 35. Nxe5 Nxe5 36. Bc2 Bd7 37. Ne2 Nc6 38. f4 Ne7 39. Kf3 Bf5 40. Bb3 Be4+ 41. Kg4 Nf5 42. Ng3 Nxg3 43. Kxg3 Kc5 44. Kf2 Kd4 45. Ke2 Bf5 46. Kf3 a5 47. a3 b6 48. a4 Be4+ 49. Ke2 Bb1 50. Kf3 Bf5 51. Kf2 Ke4 52. Kg3 d4 53. Bg8 d3 54. Kf2 Bg4 55. Bxh7 d2 56. Bxg6+ Kxf4 57. Bc2 d1=Q 58. Bxd1 Bxd1 59. Ke1 Bxa4 60. Kd2 Be8 61. Kc3 Kg4 62. Kc4 Kxh4 63. g6 Bxg6 64. Kb5 Bc2 65. Kxb6 a4 66. Ka5 Kg3 67. Kb4 Kf3 68. Kc3 Bb3 69. Kd3 Kf4 70. Kd4 Kf5 71. Kd3 Ke5 72. Kd2 Kd4 73. Kc1 Ba2 74. Kd2 Kc4 75. Kc2 Kb4 76. Kd2 Bb1 77. Kc1 Be4 78. Kd2 Kb3 0-1